 Dungeon Crawl Stone Soup version 0.23-a0-607-g760965b753 (webtiles) character file.

613 Maize the Chopper (level 7, -2/62 HPs)
             Began as a Minotaur Fighter on Dec 20, 2018.
             Slain by a troll (8 damage)
             ... on level 5 of the Dungeon.
             The game lasted 00:04:40 (3276 turns).

Maize the Chopper (Minotaur Fighter)                Turns: 3276, Time: 00:04:41

Health: -2/62      AC:  8    Str: 23    XL:     7   Next: 20%
Magic:  6/6        EV:  9    Int:  5    God:
Gold:   235        SH:  0    Dex:  9    Spells: 6/6 levels left

rFire    . . .     SeeInvis .   a - +0 war axe
rCold    . . .     Gourm    .   (no shield)
rNeg     . . .     Faith    .   b - +0 scale mail
rPois    .         Spirit   .   (helmet restricted)
rElec    .         Reflect  .   p - +0 cloak
rCorr    .         Harm     .   (no gloves)
MR       .....                  (no boots)
Stlth    ..........             (no amulet)
HPRegen  0.20/turn              (no ring)
MPRegen  0.10/turn              (no ring)

@: no status effects
A: retaliatory headbutt, horns 2
a: no special abilities


You were on level 5 of the Dungeon.
You were not hungry.

You visited 1 branch of the dungeon, and saw 5 of its levels.

You collected 235 gold pieces.

Inventory:

Hand Weapons
 a - a +0 war axe (weapon)
Armour
 b - a +0 scale mail (worn)
 p - a +0 cloak (worn)
Jewellery
 t - an uncursed amulet of faith
Wands
 q - a wand of scattershot (3)
Scrolls
 c - 3 scrolls of remove curse {unknown}
 e - a scroll of enchant armour {unknown}
 g - a scroll of identify {unknown}
 j - a scroll of enchant weapon {unknown}
 r - a scroll of immolation {unknown}
 s - a scroll of amnesia {unknown}
 v - a scroll of magic mapping {unknown}
Potions
 d - 2 potions of might
 h - a potion of mutation {unknown}
 i - a potion of heal wounds {unknown}
 k - 3 potions of ambrosia {unknown}
 l - a potion of cancellation {unknown}
 m - 2 potions of lignification {unknown}
 n - a potion of degeneration {unknown}
 o - 2 potions of agility {unknown}
Comestibles
 f - 8 rations
 u - 5 chunks of flesh


   Skills:
 + Level 5.8 Fighting
 * Level 7.0 Axes
 + Level 5.9 Armour
   Level 3.6 Shields


You had 6 spell levels left.
You didn't know any spells.
Your spell library was empty.

Dungeon Overview and Level Annotations

Branches:
Dungeon (5/15)
 Temple: D:4-7

Altars:

Annotations:
D:4 2 runed doors, lis82's ghost, novice DgWz


Innate Abilities, Weirdness & Mutations

You reflexively headbutt those who attack you in melee.
You have a pair of horns on your head.


Message History

The troll is heavily wounded.
The troll closely misses you. You furiously retaliate!
You headbutt the troll. The troll claws you. The troll claws you!
* * * LOW HITPOINT WARNING * * *
You closely miss the troll.
The troll is heavily wounded.
The troll bites you.
* * * LOW HITPOINT WARNING * * *
The troll claws you but does no damage. The troll barely misses you.
The troll bites you.
* * * LOW HITPOINT WARNING * * *
The troll claws you!
* * * LOW HITPOINT WARNING * * *
The troll closely misses you.
You closely miss the troll.
The troll is moderately wounded.
The troll bites you!
* * * LOW HITPOINT WARNING * * *
The troll claws you but does no damage. The troll claws you!
You die...

. ###$..# .
..#...# .
#.#...# .
####.#...# .
.###........#
#
............#
#...T.....#
#..##@#
#..##.#
####..##.#
.....##.#
#.####..##.#
#..........#
#####..####
#..# ########
#..# #.......


You could see a troll.

Vanquished Creatures
  A centaur (D:5)
  An ogre (D:4)
  A scorpion (D:4)
  2 howler monkeys (D:5)
  2 hounds (D:4)
  A jelly (D:5)
  An orc priest (D:4)
  A worker ant (D:5)
  An orc wizard (D:4)
  6 adders
  A shadow imp (D:5)
  An adder zombie (D:5)
  2 adder skeletons (D:4)
  6 dart slugs (D:1)
  2 leopard geckos (D:4)
  3 orcs
  4 giant cockroaches
  3 goblins
  4 hobgoblins
  5 jackals
  8 kobolds
  2 ball pythons (D:1)
  8 bats
  9 frilled lizards
  A jackal skeleton (D:5)
  A quokka skeleton (D:5)
  6 rats
83 creatures vanquished.

Notes
Turn   | Place    | Note
-------+----------+-------------------------------------------
     0 | D:1      | Maize the Minotaur Fighter began the quest for the Orb.
     0 | D:1      | Reached XP level 1. HP: 19/19 MP: 0/0
   125 | D:1      | Reached skill level 3 in Axes
   125 | D:1      | Reached XP level 2. HP: 27/27 MP: 1/1
   229 | D:1      | Reached XP level 3. HP: 32/33 MP: 2/2
   727 | D:2      | Reached skill level 4 in Axes
   919 | D:2      | Reached XP level 4. HP: 40/40 MP: 3/3
  1507 | D:4      | Noticed an ogre
  1513 | D:4      | Killed an ogre
  1513 | D:4      | Reached skill level 5 in Axes
  1513 | D:4      | Reached XP level 5. HP: 47/47 MP: 4/4
  1646 | D:4      | Reached skill level 5 in Armour
  2012 | D:4      | Reached skill level 5 in Fighting
  2020 | D:4      | Found a runed door.
  2043 | D:4      | Found a runed door.
  2043 | D:4      | Noticed lis82's ghost (novice DgWz)
  2264 | D:4      | Reached XP level 6. HP: 56/56 MP: 5/5
  2542 | D:5      | Entered Level 5 of the Dungeon
  2661 | D:5      | Reached skill level 6 in Axes
  2732 | D:4      | Reached XP level 7. HP: 9/62 MP: 6/6
  3223 | D:5      | Reached skill level 7 in Axes
  3267 | D:5      | Noticed a troll
  3276 | D:5      | Slain by a troll

Vault maps used:
D:1:      dpeg_arrival_arbitrary_c
D:3:      first_ration, nrook_campfire, hangedman_abyss_or_decor_lesser_grid,
          kennysheep_cross_bottleneck
D:4:      ebering_ghost_sewer_f, grunt_decor_resistance
D:5:      basic_altar, uniq_grinder

Skill      XL: |  1  2  3  4  5  6  7 |
---------------+----------------------+-----
Axes           | 3 4 5 6 7 |  7.0
Fighting       | 4 5 |  5.8
Armour         | 4 5 |  5.9
Shields        | |  3.6

Action                   |  1- 3 |  4- 6 |  7- 9 || total
-------------------------+-------+-------+-------++-------
Melee: War axe           |    81 |    72 |    19 ||   172
       Headbutt          |    12 |     7 |     1 ||    20
  Eat: Chunk             |       |     6 |     2 ||     8
Armor: Scale mail        |    49 |    29 |    11 ||    89
Dodge: Dodged            |    39 |    36 |     8 ||    83

Table legend:
 A = Non-vault XP
 B = Vault XP
 C = Vault XP percentage of total XP
 D = Non-vault monster count
 E = Vault monster count
 F = Vault count percentage of total count
                 A         B        C        D         E       F
            +---------+---------+-------+---------+---------+-------
      Total |     877 |       0 |   0.0 |      83 |       0 |   0.0
            +---------+---------+-------+---------+---------+-------
        D:1 |      51 |       0 |   0.0 |      25 |       0 |   0.0
        D:2 |      47 |       0 |   0.0 |      24 |       0 |   0.0
        D:3 |      29 |       0 |   0.0 |       4 |       0 |   0.0
        D:4 |     388 |       0 |   0.0 |      17 |       0 |   0.0
        D:5 |     362 |       0 |   0.0 |      13 |       0 |   0.0
            +---------+---------+-------+---------+---------+-------
